 Dungeon Crawl Stone Soup version 0.29.1-1-gd02db6906a (webtiles) character file.

Game seed: 1856041046605024786

280 fireball365 the Chopper (level 6, -5/53 HPs)
             Began as a Minotaur Berserker on Oct 8, 2022.
             Was a Believer of Trog.
             Slain by an ogre
             ... wielding a +3 great mace
              (21 damage)
             ... on level 4 of the Dungeon.
             The game lasted 00:13:16 (3666 turns).

fireball365 the Chopper (Minotaur Berserker)        Turns: 3666, Time: 00:13:16

Health: -5/53      AC:  9    Str: 27    XL:     6   Next: 5%
Magic:  5/5        EV: 12    Int:  6    God:    Trog [**....]
Gold:   165        SH:  0    Dex: 10    Spells: 5/5 levels left

rFire   . . .      SeeInvis .   a - +0 hand axe
rCold   + . .      Faith    .   w - orb {light}
rNeg    . . .      Spirit   .   E - +0 ring mail {rC+}
rPois   .          Reflect  .   (helmet restricted)
rElec   .          Harm     .   (no cloak)
rCorr   .          Rampage  .   v - +1 pair of gloves
Will    .....                   x - +0 pair of boots
Stlth   +.........              t - amulet of regeneration
HPRegen 0.97/turn               D - +6 ring of strength
MPRegen 0.09/turn               (no ring)

@: glowing
A: horns 2, retaliatory headbutt
a: Renounce Religion, Berserk, Trog's Hand


You were on level 4 of the Dungeon.
You worshipped Trog.
Trog was pleased with you.
You visited 1 branch of the dungeon, and saw 4 of its levels.

You collected 165 gold pieces.

Inventory:

Hand Weapons
 a - a +0 hand axe (weapon)
 i - a +0 long sword
 j - a +0 mace
 z - a +0 hand axe
 B - a +0 war axe
 F - a +2 vampiric dagger
Missiles
 n - 3 boomerangs (quivered)
 o - 24 stones
 r - 3 large rocks
Armour
 e - a +0 ring mail
 q - a +0 ring mail
 v - a +1 pair of gloves (worn)
 w - an orb of light (worn)
 x - a +0 pair of boots (worn)
 A - a +3 leather armour
 E - a +0 ring mail of cold resistance (worn)
Jewellery
 t - an amulet of regeneration (around neck)
 D - a +6 ring of strength (left hand)
Wands
 G - a wand of flame (14)
Scrolls
 c - a scroll of enchant armour {unknown}
 d - 2 scrolls of noise
 f - 6 scrolls of identify {unknown}
 g - 4 scrolls of teleportation {unknown}
 h - a scroll of immolation {unknown}
 y - 2 scrolls of vulnerability {unknown}
 C - a scroll of magic mapping {unknown}
Potions
 b - a potion of flight {unknown}
 k - a potion of ambrosia {unknown}
 l - a potion of haste {unknown}
 m - a potion of lignification {unknown}
 p - a potion of curing {unknown}
 s - a potion of degeneration {unknown}
 u - 2 potions of brilliance {unknown}
 H - 2 potions of mutation {unknown}
 I - a potion of invisibility {unknown}


   Skills:
 + Level 4.5 Fighting
 + Level 5.4 Axes
 + Level 4.8 Armour
 + Level 3.6 Dodging
 + Level 0.4 Stealth


You had 5 spell levels left.
You didn't know any spells.
Your spell library contained the following spells:

 Spells                   Type           Power      Damage    Failure   Level
 Scorch                   Fire           0%         2d5       73%         2
 Summon Guardian Golem    Hex/Summ       0%         N/A       91%         3
 Flame Wave               Conj/Fire      0%         2d4       100%        4
 Summon Cactus Giant      Summ           0%         N/A       100%        6
 Orb of Destruction       Conj           0%         9d5       100%        7
 Spellforged Servitor     Conj/Summ      0%         N/A       100%        7


Dungeon Overview and Level Annotations

Branches:
Dungeon (4/15)
 Temple: D:4-7

Altars:
Fedhas
Vehumet

Annotations:
D:4 1 transporter, smilodon's ghost, amateur DECj


Innate Abilities, Weirdness & Mutations

You have a pair of horns on your head.
You reflexively headbutt those who attack you in melee.


Message History

The crimson imp blinks!
Eustachio barely misses you.
The white imp hits you but does no damage.
You hit Eustachio. You headbutt Eustachio.
Eustachio is almost dead.
You barely miss the white imp. You hit the crimson imp.
The crimson imp closely misses you. You furiously retaliate!
You headbutt the crimson imp. Eustachio barely misses you.
You furiously retaliate!
You headbutt Eustachio.
You kill Eustachio!
Trog accepts your kill.
Trog appreciates your killing of a magic user.
The crimson imp disappears in a puff of smoke!
The white imp disappears in a puff of smoke!
The iron imp disappears in a puff of smoke!
Your Axes skill increases to level 5!
You have reached level 6!
Things that are here:
a +0 rapier; a +0 leather armour; the human corpse of Eustachio Smilodon's ghost shouts, "They lied to you.
The Dungeon just goes down and down forever."
Things that are here:
a +0 rapier; a +0 leather armour; the human corpse of Eustachio
There is a transporter here.
You enter the transporter and appear at another place.
The ogre hits you with a +3 great mace!!
Ouch! That really hurt!
You slash the ogre!
The ogre is moderately wounded.
You hit the ogre.
The ogre is heavily wounded.
The ogre closely misses you. You furiously retaliate!
You headbutt the ogre. You hit the ogre. Your headbutt misses the ogre.
The ogre is severely wounded.
The ogre hits you with a +3 great mace!
* * * LOW HITPOINT WARNING * * *
You hit the ogre. You headbutt the ogre.
The ogre is almost dead.
You hit the ogre.
The ogre is almost dead.
The ogre hits you with a +3 great mace!!
You die...

#.####...............##)#
#.#...).###...........#.#
....######..............#
.#.#### #.....©.©......#
##.##.#################.#
...##.##..#©...$$.....#.#
.####.##.##..##.W.##..#.#
.........##.#..#O#..#.#.###
####...####.#..#@#..#.#...#
##....##..##...##..###.#
#...#..#.....©.....# .#
...#..############### #
.#####.# #.....# # .#
#.....# .# ##<....#
###......# #.#
####...######


You could see an ogre and smilodon's ghost.

Vanquished Creatures
  Eustachio (D:4)
  A hound (D:4)
  An orc wizard (D:3)
  3 adders
  2 dart slugs (D:1)
  3 orcs (D:3)
  9 bats
  3 endoplasms
  3 giant cockroaches
  8 goblins
  3 hobgoblins
  A jackal (D:1)
  3 quokkas (D:2)
  2 ball pythons (D:1)
  5 kobolds
  6 rats
54 creatures vanquished.

Vanquished Creatures (others)
  17 plants (D:1)
17 creatures vanquished.

Grand Total: 71 creatures vanquished

Notes
Turn   | Place    | Note
-------+----------+-------------------------------------------
     0 | D:1      | fireball365 the Minotaur Berserker began the quest for the
                  | Orb.
     0 | D:1      | Reached XP level 1. HP: 19/19 MP: 0/0
   154 | D:1      | Reached skill level 4 in Axes
   154 | D:1      | Reached XP level 2. HP: 8/27 MP: 1/1
   783 | D:1      | Reached ** piety under Trog
  1364 | D:2      | Reached XP level 3. HP: 28/33 MP: 2/2
  2184 | D:2      | Found a blossoming altar of Fedhas.
  2470 | D:3      | Found a radiant altar of Vehumet.
  2586 | D:3      | Reached XP level 4. HP: 25/40 MP: 3/3
  3483 | D:4      | Found a transporter.
  3506 | D:4      | Reached XP level 5. HP: 47/47 MP: 4/4
  3518 | D:4      | Noticed smilodon's ghost (amateur DECj)
  3519 | D:4      | Found a transporter.
  3519 | D:4      | Noticed an ogre
  3519 | D:4      | Noticed Eustachio
  3624 | D:4      | Killed Eustachio
  3625 | D:4      | Reached skill level 5 in Axes
  3625 | D:4      | Reached XP level 6. HP: 51/53 MP: 5/5
  3666 | D:4      | Slain by an ogre

Illustrated notes

Levels and vault maps discovered:
D:1:      nagdon_arrival_double_spiral, layout_loops_ring,
          grunt_decor_one_mirror, serial_bayou_ford_a
D:2:      layout_basic, basic_altar
D:3:      layout_rooms, mainiacjoe_overflow_chevrons
D:4:      layout_rooms, fedhas_altar_fruit_tree, gammafunk_ghost_smash,
          uniq_eustachio

Skill      XL: |  1  2  3  4  5 |
---------------+----------------+-----
Axes           | 4 5 |  5.4
Fighting       | 4 |  4.5
Armour         | 3 4 |  4.8
Dodging        | 3 |  3.6
Stealth        | |  0.4

Action                   |  1- 3 |  4- 6 || total
-------------------------+-------+-------++-------
Melee: Hand axe          |   161 |    79 ||   240
       Punch             |     1 |       ||     1
       Headbutt          |    22 |    17 ||    39
  Use: Scroll            |     1 |       ||     1
Armor: Ring mail         |    70 |    52 ||   122
       Animal skin       |     2 |       ||     2
Dodge: Dodged            |    93 |    68 ||   161
